 Dungeon Crawl Stone Soup version 0.24.0-13-gcf9b3192b9 (webtiles) character file.

Game seed: 2816429069846587324, levelgen mode: deterministic

7575 Arum the Carver (level 11, -4/72 HPs)
             Began as a Tengu Gladiator on Nov 10, 2019.
             Was an Elder of Okawaru.
             Slain by a yak (12 damage)
             ... on level 9 of the Dungeon.
             The game lasted 00:17:06 (9678 turns).

Arum the Carver (Tengu Gladiator)                   Turns: 9678, Time: 00:17:06

Health: -4/72      AC: 10    Str: 15    XL:     11   Next: 17%
Magic:  12/12      EV: 16    Int:  8    God:    Okawaru [****..]
Gold:   245        SH:  6    Dex: 19    Spells: 10/10 levels left

rFire    . . .     SeeInvis .   a - +0 long sword
rCold    . . .     Gourm    .   B - +0 buckler
rNeg     . . .     Faith    .   b - +0 scale mail
rPois    .         Spirit   .   c - +0 hat
rElec    .         Reflect  .   m - +0 cloak
rCorr    +         Harm     .   g - +0 pair of gloves
MR       .....                  (boots unavailable)
Stlth    +.........             (no amulet)
HPRegen  0.22/turn              e - ring of stealth
MPRegen  0.13/turn              x - ring of resist corrosion

@: flying quickly and evasively, quick
A: beak, talons 3, able to fly
a: Stop Flying, Heroism, Renounce Religion


You were on level 9 of the Dungeon.
You worshipped Okawaru.
Okawaru was greatly pleased with you.
You were not hungry.

You visited 2 branches of the dungeon, and saw 10 of its levels.

You collected 460 gold pieces.
You spent 215 gold pieces at shops.

Inventory:

Hand Weapons
 a - a +0 long sword (weapon)
Armour
 b - a +0 scale mail (worn)
 c - a +0 hat (worn)
 g - a +0 pair of gloves (worn)
 m - a +0 cloak (worn)
 B - a +0 buckler (worn)
Jewellery
 e - a ring of stealth (left hand)
 x - a ring of resist corrosion (right hand)
Scrolls
 h - 7 scrolls of remove curse
 l - 2 scrolls of immolation
 n - 3 scrolls of enchant weapon
 q - a scroll of identify
 r - 3 scrolls of blinking
 u - a scroll of fear
 v - a scroll of fog
 w - a scroll of amnesia
 y - 3 scrolls of enchant armour
Potions
 i - 7 potions of curing
 j - 2 potions of might
 p - a potion of flight
 t - a potion of magic
 z - 2 potions of heal wounds
Comestibles
 f - 13 rations


   Skills:
 + Level 10.1 Fighting
 + Level 11.2 Long Blades
 - Level 2.0 Throwing
 - Level 7.7 Armour
 - Level 6.0 Dodging
 - Level 4.0 Shields


You had 10 spell levels left.
You didn't know any spells.
Your spell library contained the following spells:

 Spells                   Type           Power        Failure   Level  Hunger
 Beastly Appendage        Tmut           #.....       80%         1    ##.....
 Summon Small Mammal      Summ           #...         80%         1    ##.....
 Call Imp                 Summ           #.......     91%         2    ###....
 Sticks to Snakes         Tmut           #.......     91%         2    ###....
 Call Canine Familiar     Summ           #.......     99%         3    ####...
 Spider Form              Tmut/Pois      #.........   99%         3    ####...
 Summon Guardian Golem    Hex/Summ       #.......     99%         3    ####...
 Ice Form                 Ice/Tmut       #.......     100%        4    #####..
 Summon Ice Beast         Ice/Summ       #.......     100%        4    #####..
 Summon Lightning Spire   Summ/Air       #.......     100%        4    #####..
 Blade Hands              Tmut           #.........   100%        5    ######.


Dungeon Overview and Level Annotations

Branches:
Dungeon (9/15)             Temple (1/1) D:6
   Lair: D:8-11         Orc: D:9-12

Altars:
Ashenzari
Cheibriados
Dithmenos
Hepliaklqana
Makhleb
Nemelex Xobeh
Okawaru
Ru
Sif Muna
Trog
Uskayaw
Wu Jian
Yredelemnul
Zin
The Shining One

Shops:
D:7 *!*

Annotations:
D:6 3 runed translucent doors, Aelig's ghost, novice HaAK
D:8 exclusions: ice statue and obsidian statue


Innate Abilities, Weirdness & Mutations

You have a beak for a mouth.
You have claws for feet.
You can fly continuously.


Message History

You are too injured to fight recklessly!
You are too injured to fight recklessly!
You are too injured to fight recklessly!
You are too injured to fight recklessly!
You barely miss the yak. You claw the yak, but do no damage.
The yak is almost dead.
The yak gores you!
* * * LOW HITPOINT WARNING * * *
You slash the yak!
You kill the yak!
Okawaru accepts your kill.
You slash the yak!
The yak is severely wounded.
The yak gores you!
* * * LOW HITPOINT WARNING * * *
Unknown command.
You hit the yak. You claw the yak. Your peck misses the yak.
The yak is almost dead.
The yak gores you!
You die...

..#..#§§§§..§§.#.#........#
..#..§§§§§(......#.########
..#....§.._......#.#
..#..†§§§)...§§..#.########
..+.(#§§§§..§.§#..........#
..#..##§§...§§##...####.###
....####§..§§# #.######.#
....# ##...####.#....#.#
....# #..).##.#@#.##.#.#
##### #.#<.##.#Y#.##.#.#
...#..YY.#(#.##.#.#
.....#..Y..#(#.##.#.#
......#.....#.#.##.#.#
......#....>.......#.# ....
#.############.# +.. ##>##
#.# #.# #8...8####


You could see a yak.

Vanquished Creatures
  4 two-headed ogres (D:8)
  A queen bee (D:8)
  A hornet (D:8)
  Prince Ribbit (D:8)
  5 yaks (D:9)
  Eustachio (D:4)
  4 orc warriors
  2 ice beasts (D:5)
  2 sky beasts
  A phantom (D:3)
  A necrophage (D:6)
  2 ogres
  3 centaurs
  A big kobold (D:7)
  2 bullfrogs
  4 scorpions
  14 killer bees (D:8)
  A howler monkey (D:5)
  4 crimson imps
  A quasit (D:7)
  A bullfrog zombie (D:5)
  4 orc priests
  Crazy Yiuf (D:2)
  3 jellies
  3 hounds
  Terence (D:2)
  3 iguanas
  Natasha (thrice) (D:2)
  4 orc wizards
  6 worker ants
  A hound zombie (D:5)
  3 hound skeletons
  A worker ant zombie (D:5)
  6 adders
  3 shadow imps
  4 worms
  3 dart slugs (D:1)
  2 leopard geckos
  30 orcs
  10 bats
  6 giant cockroaches
  4 goblins
  7 hobgoblins
  9 jackals
  A quokka (D:5)
  8 frilled lizards
  5 kobolds
  A leopard gecko zombie (D:7)
  A quokka skeleton (D:4)
  8 rats
197 creatures vanquished.

Notes
Turn   | Place    | Note
-------+----------+-------------------------------------------
     0 | D:1      | Arum the Tengu Gladiator began the quest for the Orb.
     0 | D:1      | Reached XP level 1. HP: 12/12 MP: 2/2
    56 | D:1      | Reached XP level 2. HP: 14/17 MP: 3/3
   287 | D:1      | Reached XP level 3. HP: 19/22 MP: 4/4
   956 | D:2      | Reached skill level 4 in Long Blades
  1029 | D:2      | Noticed Terence
  1045 | D:2      | Killed Terence
  1045 | D:2      | Reached XP level 4. HP: 14/28 MP: 5/5
  1353 | D:2      | Found a faded altar of an unknown god.
  1448 | D:2      | Noticed Natasha
  1455 | D:2      | Killed Natasha
  1691 | D:2      | Noticed Natasha
  1696 | D:2      | Killed Natasha
  1696 | D:2      | Gained mutation: You can fly continuously. [Tengu growth]
  1696 | D:2      | Reached XP level 5. HP: 31/32 MP: 6/6
  1746 | D:2      | Found a runed translucent door.
  1747 | D:2      | Noticed Crazy Yiuf
  1976 | D:2      | Killed Crazy Yiuf
  2007 | D:2      | Noticed Natasha
  2014 | D:2      | Killed Natasha
  2564 | D:3      | Reached XP level 6. HP: 38/38 MP: 7/7
  2743 | D:4      | Reached skill level 5 in Long Blades
  2743 | D:4      | Reached skill level 5 in Dodging
  3273 | D:4      | Found a sparkling altar of Nemelex Xobeh.
  3275 | D:4      | Noticed Eustachio
  3279 | D:4      | Noticed a phantom
  3529 | D:3      | Killed a phantom
  3644 | D:4      | Killed Eustachio
  3644 | D:4      | Reached XP level 7. HP: 21/44 MP: 8/8
  4115 | D:4      | Reached skill level 6 in Long Blades
  4510 | D:5      | Entered Level 5 of the Dungeon
  4519 | D:5      | Reached skill level 5 in Fighting
  4570 | D:5      | Reached skill level 1 in Armour
  4859 | D:5      | Reached XP level 8. HP: 46/49 MP: 9/9
  5037 | D:5      | Reached skill level 7 in Long Blades
  5456 | D:5      | Found a shattered altar of Ashenzari.
  5890 | D:6      | Reached XP level 9. HP: 20/56 MP: 10/10
  6101 | D:6      | Found a staircase to the Ecumenical Temple.
  6107 | Temple   | Entered the Ecumenical Temple
  6166 | Temple   | Became a worshipper of Warmaster Okawaru
  6233 | D:6      | Found a hide-covered altar of Uskayaw.
  6358 | D:6      | Noticed Aelig's ghost (novice HaAK)
  6359 | D:6      | Noticed a fire dragon
  6362 | D:6      | Found a runed translucent gate.
  6362 | D:6      | Found a runed translucent gate.
  6362 | D:6      | Found a runed translucent gate.
  6550 | D:6      | Found a burning altar of Makhleb.
  6558 | D:6      | Reached skill level 8 in Long Blades
  6558 | D:6      | Reached skill level 5 in Armour
  6995 | D:7      | Found Kaf Tus's Distillery.
  7013 | D:7      | Bought a potion of heal wounds for 50 gold pieces
  7013 | D:7      | Bought a potion of might for 40 gold pieces
  7044 | D:7      | Found Ommofawipi's General Store.
  7333 | D:7      | Found a shimmering blue altar of Sif Muna.
  7382 | D:7      | Found Jewnox's Assorted Antiques.
  7393 | D:7      | Reached * piety under Okawaru
  7400 | D:7      | Bought a scroll labeled WOMICW WEURIF for 25 gold pieces
  7400 | D:7      | Bought a scroll labeled WOMICW WEURIF for 25 gold pieces
  7400 | D:7      | Bought 3 scrolls labeled GUIGHO LEIXUSI for 75 gold pieces
  7509 | D:7      | Found a glowing golden altar of the Shining One.
  7879 | D:8      | Noticed a two-headed ogre
  7896 | D:8      | Killed a two-headed ogre
  7896 | D:8      | Reached ** piety under Okawaru
  7896 | D:8      | Reached skill level 9 in Long Blades
  8178 | D:8      | Reached XP level 10. HP: 49/64 MP: 11/11
  8312 | D:8      | Noticed a two-headed ogre
  8317 | D:8      | Killed a two-headed ogre
  8493 | D:8      | Noticed an ice statue
  8739 | D:8      | Noticed a two-headed ogre
  8749 | D:8      | Killed a two-headed ogre
  8749 | D:8      | Reached skill level 10 in Long Blades
  8759 | D:8      | Noticed an obsidian statue
  8785 | D:8      | Noticed Prince Ribbit
  8803 | D:8      | Noticed a two-headed ogre
  8819 | D:8      | Killed a two-headed ogre
  8819 | D:8      | Reached *** piety under Okawaru
  8833 | D:8      | Killed Prince Ribbit
  8964 | D:8      | Reached XP level 11. HP: 23/72 MP: 12/12
  9385 | D:9      | Found a shadowy altar of Dithmenos.
  9427 | D:9      | Found a hazy altar of Hepliaklqana.
  9506 | D:9      | Found a sacrificial altar of Ru.
  9598 | D:9      | Found a snail-covered altar of Cheibriados.
  9616 | D:9      | Reached skill level 11 in Long Blades
  9627 | D:9      | Reached skill level 10 in Fighting
  9660 | D:9      | Reached **** piety under Okawaru
  9678 | D:9      | Slain by a yak

Levels and vault maps discovered:
D:1:      ncdulo_watergridlock, layout_basic, nrook_mini_vaults
D:2:      layout_loops_ring, chequers_ecumenical_altar_simple,
          grunt_ministairs_2, uniq_natasha, uniq_terence,
          uniq_crazy_yiuf_cottage
D:3:      layout_basic, kennysheep_generic_room_13
D:4:      layout_basic, nemelex_xobeh_ov_fountains_minmay, uniq_eustachio
D:5:      layout_loops_ring, nicolae_ashenzari_panopticon, first_ration,
          minmay_fractal_squares_5
D:6:      layout_basic, makhleb_blood_cavern_becter, minmay_temple_entry_fiery,
          basic_altar, gammafunk_ghost_split
D:7:      layout_basic, old_standard_altar, tso_altar, serial_shops,
          nicolae_shop_behind_doors, nicolae_shop_waterfront,
          hangedman_decor_peaks_small, kennysheep_windowed_goal
D:8:      minmay_separated_statues, layout_basic, david_nohive_1,
          uniq_prince_ribbit1
D:9:      minmay_the_grid_net [minmay_the_grid_small_cups,
          minmay_the_grid_dragon_b, minmay_the_grid_box_x, minmay_the_grid_tree,
          minmay_the_grid_minigrid_small,
          minmay_the_grid_prize_four_corners_diamond_a], layout_basic,
          overflow_temple_1_default, nicolae_overflow_hidden_temple,
          nicolae_qazlal_general_emergency, serial_shops, kennysheep_little_box,
          nicolae_dithmenos_the_darkroom
Temple:   dpeg_chambers_temple

Skill      XL: |  1  2  3  4  5  6  7  8  9 10 11 |
---------------+----------------------------------+-----
Long Blades    | 4 5 6 7 9 10 11 | 11.2
Dodging        | 4 5 6 |  6.0
Fighting       | 3 4 5 6 8 9 10 | 10.1
Armour         | 1 4 7 |  7.7
Shields        | 3 4 |  4.0
Throwing       | |  2.0

Action                   |  1- 3 |  4- 6 |  7- 9 | 10-12 || total
-------------------------+-------+-------+-------+-------++-------
Melee: Long sword        |    73 |   116 |   275 |   170 ||   634
       Kick              |    23 |    41 |   124 |    80 ||   268
       Peck              |    11 |    26 |    79 |    50 ||   166
Throw: Throwing net      |       |       |       |     3 ||     3
       Dart              |       |       |       |    24 ||    24
 Abil: Fly               |       |     2 |       |       ||     2
       Stop Flying       |       |     1 |       |       ||     1
Evoke: Wand              |       |       |     2 |     7 ||     9
  Use: Potion            |       |     1 |       |     5 ||     6
       Scroll            |       |       |     8 |       ||     8
 Stab: Sleeping          |     4 |       |     1 |       ||     5
       Invisible         |       |     1 |       |       ||     1
       Held in net/web   |       |       |       |     2 ||     2
  Eat: Chunk             |       |     7 |    12 |     5 ||    24
       Ration            |       |     1 |       |       ||     1
Armor: Leather armour    |     3 |       |       |       ||     3
       Ring mail         |    16 |       |       |       ||    16
       Skin              |     2 |       |       |       ||     2
       Scale mail        |       |    49 |    71 |    42 ||   162
Dodge: Dodged            |    33 |   130 |   193 |   133 ||   489
Block: Buckler           |       |       |       |    42 ||    42
       Rpst.: Long sword |     9 |    35 |    62 |    43 ||   149
